Map: Torres Crepusculares

Players

TheZergLord - Winner!

  • Race: Zerg Zerg
  • League: Master

TheKing

  • Race: Terran Terran
  • League: Diamond

VOD

Have the link to the VOD?

Description

Time

  • Played on: Feb. 27, 2016, 2:42 p.m.
  • Length: 6:54
Show
View Real Time Build Order
Export as new Build Order

TheZergLord Zerg - Winner!

Build Orders: Hatch First, Ravager All-In 

Get SALT Encoding   

  12  0:00  Drone  
  13  0:13  Overlord  
  13  0:17  Drone  
  14  0:32  Drone x2  
  14  0:35  Drone  
  17  0:55  Hatchery  
  16  0:57  Drone  
  17  1:07  Extractor  
  16  1:13  Spawning Pool  
  16  1:16  Drone  
  16  1:20  Drone  
  16  1:24  Drone  
  18  1:31  Drone  
  19  1:38  Extractor  
  18  1:40  Drone  
  19  1:51  Drone  
  20  2:00  Queen  
  22  2:06  Roach Warren  
  21  2:11  Queen  
  23  2:19  Overlord  
  23  2:24  Drone  
  23  2:28  Drone  
  24  2:44  Drone  
  24  2:47  Roach x2  
  24  2:51  Roach  
  30  3:07  Ravager  
  30  3:08  Ravager  
  32  3:15  Ravager  
  32  3:16  Overlord  
  32  3:18  Roach  
  35  3:42  Ravager  
  36  3:58  Roach x3  
  39  4:28  Roach x4  
  39  4:30  Overlord x2  
  39  4:48  Ravager  
  37  4:59  Roach x3  
  41  5:01  Ravager  
  42  5:07  Queen  
  42  5:09  Drone x2, Overlord  
  42  5:12  Roach  
  48  5:20  Ravager x3  
  51  5:23  Ravager x2  
  53  5:41  Ravager  
  54  5:46  Queen  
  53  6:25  Roach x4  
  61  6:26  Roach x2  
  65  6:47  Ravager x2  
  65  6:48  Ravager  
Show
View Real Time Build Order
Export as new Build Order

TheKing Terran 

Build Orders:  

Get SALT Encoding   

  12  0:01  SCV  
  13  0:13  SCV  
  14  0:18  Supply Depot  
  14  0:25  SCV  
  15  0:39  SCV  
  15  0:40  Barracks  
  16  0:47  Refinery  
  16  0:51  SCV  
  17  1:03  SCV  
  18  1:19  SCV  
  19  1:30  Reaper  
  19  1:31  Orbital Command  
  20  1:57  SCV  
  21  2:05  Bunker  
  21  2:06  Marine  
  22  2:09  Supply Depot  
  22  2:12  Factory, Refinery, SCV  
  23  2:30  SCV, Marine  
  25  2:42  SCV  
  26  2:50  Marine  
  27  2:54  Command Center  
  27  3:02  SCV  
  27  3:03  Factory Tech Lab  
  28  3:14  SCV  
  28  3:16  Marine  
  30  3:35  Supply Depot  
  29  3:45  Siege Tank  
  31  3:53  Supply Depot  
  31  4:03  Starport  
  31  4:14  Marine  
  31  4:15  SCV  
  30  4:17  Siege Tank  
  25  4:32  SCV  
  22  4:44  SCV  
  17  5:10  Orbital Command  
  17  5:16  Banshee  
  17  5:19  Marine  
  20  5:25  Bunker  
  20  5:28  SCV  
  15  5:43  SCV  
  15  5:44  SCV  
  15  5:56  SCV x2  
  14  6:08  SCV  
  15  6:12  Starport Tech Lab  
  15  6:25  Factory Tech Lab  
  15  6:26  SCV  
  16  6:39  SCV  
  11  6:42  Starport Tech Lab  
Tags
 
Add a new tag
Caveats
  • Supply blocks, unpowered buildings, or Contaminate may cause inaccurate times.
  • Supply counts are checked every 10 seconds.